 Dungeon Crawl Stone Soup version 0.29.1-1-gd02db69 (webtiles) character file.

Game seed: 18298544789317798311

58 Vaargak the Digger (level 4, 0/24 HPs)
             Began as a Gargoyle Earth Elementalist on Sept 28, 2022.
             Slain by a gnoll
             ... wielding a +0 club
              (3 damage)
             ... on level 2 of the Dungeon.
             The game lasted 00:16:40 (1676 turns).

Vaargak the Digger (Gargoyle Earth Elementalist)    Turns: 1676, Time: 00:16:41

Health: 0/24       AC:  8    Str: 12    XL:     4   Next: 1%
Magic:  1/8        EV: 10    Int: 17    God:
Gold:   49         SH:  0    Dex: 10    Spells: 5/8 levels left

rFire   . . .      SeeInvis .   e - +0 club
rCold   . . .      Faith    .   (no shield)
rNeg    + . .      Spirit   .   c - +0 ring mail
rPois   ∞          Reflect  .   (no helmet)
rElec   +          Harm     .   (no cloak)
rCorr   .          Rampage  .   (no gloves)
Will    .....                   (no boots)
Stlth   +.........              (no amulet)
HPRegen 0.08/turn               (no ring)
MPRegen 0.11/turn               (no ring)

@: very slightly contaminated
A: sickness immunity, AC +3, negative energy resistance 1, electricity
resistance, torment resistance 1, petrification resistance
a: no special abilities


You were on level 2 of the Dungeon.
You visited 1 branch of the dungeon, and saw 2 of its levels.

You collected 49 gold pieces.

Inventory:

Hand Weapons
 e - a +0 club (weapon)
Armour
 c - a +0 ring mail (worn)
Scrolls
 d - 2 scrolls of identify
 f - a scroll of fear {unknown}
 g - 2 scrolls of noise
 i - a scroll of blinking {unknown}
 k - a scroll of enchant armour {unknown}
Potions
 a - a potion of attraction {unknown}
 b - a potion of magic
 h - a potion of heal wounds {unknown}
 j - a potion of flight {unknown}


   Skills:
 * Level 1.2 Maces & Flails
 + Level 0.1 Armour
 + Level 1.7 Dodging
 + Level 2.2 Stealth
 + Level 2.7 Spellcasting
 + Level 0.7 Transmutations
 + Level 4.6 Earth Magic


You had 5 spell levels left.
You knew the following spells:

 Your Spells              Type           Power      Damage    Failure   Level
a - Sandblast             Erth           36%        2d10      6%          1
b - Passwall              Tmut/Erth      9%         N/A       21%         2

Your spell library contained the following spells:

 Spells                   Type           Power      Damage    Failure   Level
 Stone Arrow              Conj/Erth      20%        3d8       43%         3
 Petrify                  Tmut/Erth      11%        N/A       80%         4


Dungeon Overview and Level Annotations

Branches:
Dungeon (2/15)

Altars:


Innate Abilities, Weirdness & Mutations

You are immune to sickness and miasma.
Your stone body is resilient. (AC +3)
You are immune to poison.
You resist negative energy. (rN+)
You are resistant to electric shocks. (rElec)
You are resistant to unholy torment.
You are immune to petrification.


Message History

Casting: Sandblast (safe; 7% risk of failure)
Confirm with . or Enter, or press ? or * to list all spells.
Aiming: Sandblast (safe; 7% risk of failure)
Press: ? - help, Shift-Dir - straight line, f - gnoll
Aim: a gnoll, wielding a +0 club (84% to hit)
The blast of sand hits the gnoll!
The gnoll is severely wounded.
The gnoll hits you with a +0 club.
* * * LOW HITPOINT WARNING * * *
Casting: Sandblast (safe; 7% risk of failure)
Confirm with . or Enter, or press ? or * to list all spells.
Aiming: Sandblast (safe; 7% risk of failure)
Press: ? - help, Shift-Dir - straight line, f/p - gnoll
Aim: a gnoll, wielding a +0 club (heavily wounded, 84% to hit)
You miscast Sandblast.
You are very lightly contaminated with residual magic.
Nothing appears to happen.
The gnoll barely misses you.
Casting: Sandblast (safe; 7% risk of failure)
Confirm with . or Enter, or press ? or * to list all spells.
Aiming: Sandblast (safe; 7% risk of failure)
Press: ? - help, Shift-Dir - straight line, f/p - gnoll
Aim: a gnoll, wielding a +0 club (heavily wounded, 84% to hit)
The blast of sand hits the gnoll.
You kill the gnoll!
The gnoll hits you but does no damage.
You have reached level 4!
You feel stronger.
Casting: Sandblast (safe; 6% risk of failure)
Confirm with . or Enter, or press ? or * to list all spells.
You don't know that spell.
You barely miss the gnoll. The gnoll hits you but does no damage.
You hit the gnoll.
The gnoll is lightly wounded.
The gnoll hits you but does no damage.
You hit the gnoll.
The gnoll is lightly wounded.
The gnoll hits you with a +0 club.
* * * LOW HITPOINT WARNING * * *
The gnoll hits you with a +0 club.
You die...

#...............#.......⌠
##.#.#.#####..###......~~
#.###.# #..# ##....~..
#.....# #..####....~..
######### #...........~~
#.....# #.#####.......
#.###.# ####.# #.......
#.# #.####g##.# ###.###~~~
#.###....@#..g?##....###~~
#.##.....###g..##.#### ###
#.##...##.#....##.# #.#
#.##...# #......#.# #..
#......# ........# ###
####.#.# ###..###########
#####.#.# #..# #......#
#.....#.######..# #.####.#
#.#####.........# #.......


You could see a gnoll.

Vanquished Creatures
  2 gnolls (D:2)
  An ufetubus (D:2)
  A dart slug (D:2)
  2 bats (D:2)
  4 endoplasms
  4 goblins
  2 hobgoblins
  3 jackals (D:1)
  2 kobolds
  A quokka (D:1)
  2 ball pythons
  2 frilled lizards
  2 rats
28 creatures vanquished.

Notes
Turn   | Place    | Note
-------+----------+-------------------------------------------
     0 | D:1      | Vaargak the Gargoyle Earth Elementalist began the quest for
                  | the Orb.
     0 | D:1      | Reached XP level 1. HP: 10/10 MP: 3/3
   226 | D:1      | Reached skill level 4 in Earth Magic
   274 | D:1      | Reached XP level 2. HP: 15/15 MP: 1/5
   548 | D:1      | Found a faded altar of an unknown god.
   980 | D:2      | Reached XP level 3. HP: 19/19 MP: 4/6
  1057 | D:2      | Learned a level 2 spell: Passwall
  1305 | D:2      | Identified the +2 robe "Pacuniz" {Dex+4 Slay-3 SInv}
  1671 | D:2      | Reached skill level 1 in Maces & Flails
  1674 | D:2      | Reached XP level 4. HP: 5/24 MP: 0/8
  1676 | D:2      | Slain by a gnoll

Illustrated notes

Levels and vault maps discovered:
D:1:      moated_graveyard_arrival, layout_basic,
          hellmonk_ecumenical_altar_inner_sanctum, st_stairs_13,
          chequers_serial_rivers_small_b
D:2:      cheibrodos_helix_gallery, layout_loops_corners,
          minmay_misc_feat_encased, amcnicky_mini_pool_small

Skill      XL: |  1  2  3 |
---------------+----------+-----
Earth Magic    | 4 |  4.6
Maces & Flails | 1 |  1.2
Armour         | |  0.1
Dodging        | |  1.7
Stealth        | |  2.2
Spellcasting   | |  2.7
Transmutations | |  0.7

Action                   |  1- 3 |  4- 6 || total
-------------------------+-------+-------++-------
Melee: Unarmed           |     4 |       ||     4
       Club              |     3 |     3 ||     6
 Cast: Sandblast         |    34 |       ||    34
  Use: Scroll            |     1 |       ||     1
Armor: Ring mail         |     9 |     2 ||    11
Dodge: Dodged            |     9 |       ||     9
